 Dungeon Crawl Stone Soup version 0.29-a0-923-g6e406bff71 (webtiles) character file.

Game seed: 1672216186760411725

350 Newt the Ruffian (level 6, -1/45 HPs)
             Began as a Demonspawn Gladiator on July 27, 2022.
             Was a Plaything of Xom.
             Slain by a mummy (7 damage)
             ... in an ossuary.
             The game lasted 00:08:44 (3323 turns).

Newt the Ruffian (Demonspawn Gladiator)             Turns: 3323, Time: 00:08:45

Health: -1/45      AC:  5    Str: 17    XL:     6   Next: 34%
Magic:  6/6        EV: 12    Int:  9    God:    Xom [...*..]
Gold:   103        SH:  4    Dex: 14    Spells: 5/5 levels left

rFire   . . .      SeeInvis .     - Unarmed
rCold   . . .      Faith    .   (no shield)
rNeg    + . .      Spirit   .   a - +0 leather armour
rPois   .          Reflect  .   b - +0 helmet
rElec   .          Harm     .   (no cloak)
rCorr   .          Rampage  .   (no gloves)
Will    .....                   n - +0 pair of boots
Stlth   +.........              (no amulet)
HPRegen 0.15/turn               f - ring of positive energy
MPRegen 0.10/turn               (no ring)

@: no status effects
A: claws 1, large bone plates 1, powered by pain 2
a: Renounce Religion


You were in an ossuary.
You worshipped Xom.
You were a favourite toy of Xom.
You visited 1 branch of the dungeon, and saw 4 of its levels.
You also visited: Ossuary.

You collected 103 gold pieces.

Inventory:

Hand Weapons
 u - a +0 short sword of draining
Missiles
 d - 2 javelins
 i - 2 boomerangs (quivered)
Armour
 a - a +0 leather armour (worn)
 b - a +0 helmet (worn)
 n - a +0 pair of boots (worn)
Jewellery
 f - a ring of positive energy (left claw)
Wands
 v - a wand of iceblast (8)
Scrolls
 c - a scroll of amnesia {unknown}
 e - a scroll of fear {unknown}
 g - 2 scrolls of silence
 h - a scroll of immolation
 j - a scroll of teleportation
 p - a scroll of poison {unknown}
 q - a scroll of fog {unknown}
 r - a scroll of enchant weapon {unknown}
 s - a scroll of magic mapping {unknown}
Potions
 k - a potion of haste
 m - a potion of lignification
 o - a potion of magic
 t - a potion of attraction


   Skills:
 + Level 2.3 Fighting
 + Level 3.0 Throwing
 + Level 1.9 Armour
 + Level 3.4 Dodging
 + Level 0.4 Shields
 + Level 4.9 Unarmed Combat
 + Level 0.1 Evocations


You had 5 spell levels left.
You didn't know any spells.
Your spell library was empty.

Dungeon Overview and Level Annotations

Branches:
Dungeon (4/15)            Ossuary (1/1)
 Temple: D:4-7

Altars:
Xom


Innate Abilities, Weirdness & Mutations

You have sharp fingernails.
You are partially covered in large bone plates. (SH +4)
You sometimes gain power by taking damage.


Message History

You scratch the orc skeleton.
The orc skeleton is heavily damaged.
You scratch the orc skeleton but do no damage.
The orc skeleton is heavily damaged.
The orc skeleton hits you but does no damage.
You claw the orc skeleton!
You destroy the orc skeleton!
You open the door.
An orc skeleton and a mummy come into view.
Found a scroll labelled QIALLEJEMI.
There is an open door here.
The orc skeleton hits you.
You claw the orc skeleton!
You destroy the orc skeleton!
You scratch the mummy.
The mummy is lightly damaged.
You scratch the mummy but do no damage.
The mummy is lightly damaged.
The mummy hits you!
You scratch the mummy. Your claw misses the mummy.
The mummy is moderately damaged.
You scratch the mummy.
The mummy is heavily damaged.
The mummy hits you!
You closely miss the mummy.
The mummy is heavily damaged.
You scratch the mummy but do no damage.
The mummy is heavily damaged.
The mummy hits you!
* * * LOW HITPOINT WARNING * * *
You scratch the mummy.
The mummy is severely damaged.
The mummy hits you.
* * * LOW HITPOINT WARNING * * *
You barely miss the mummy.
The mummy is severely damaged.
You scratch the mummy.
The mummy is severely damaged.
The mummy hits you!
You die...

##+## ###
#...###∩#
+....'..#
#...###∩#
##'## ###
##..#
#M@##
#...##
+....##
##?## #


You could see a mummy.

Vanquished Creatures
  Grinder (D:3)
  A mummy (D:4)
  Robin (D:2)
  6 adders
  2 worms (D:3)
  4 orcs (D:3)
  A bat (D:2)
  4 endoplasms
  2 giant cockroaches (D:3)
  12 goblins
  8 hobgoblins
  3 jackals (D:2)
  8 kobolds
  A quokka (D:3)
  6 ball pythons
  A frilled lizard (D:1)
  2 orc skeletons (Ossuary)
  A rat (D:3)
64 creatures vanquished.

Vanquished Creatures (others)
  A demonic plant (D:2)
  5 plants (D:3)
6 creatures vanquished.

Grand Total: 70 creatures vanquished

Notes
Turn   | Place    | Note
-------+----------+-------------------------------------------
     0 | D:1      | Newt the Demonspawn Gladiator began the quest for the Orb.
     0 | D:1      | Reached XP level 1. HP: 16/16 MP: 1/1
  1121 | D:2      | Gained mutation: You are partially covered in large bone
                  | plates. (SH +4) [demonic ancestry]
  1121 | D:2      | Reached XP level 2. HP: 22/22 MP: 2/2
  1196 | D:2      | Reached skill level 3 in Unarmed Combat
  1367 | D:2      | Found a faded altar of an unknown god.
  1378 | D:2      | Prayed at the altar of an unknown god.
  1378 | D:2      | Became a worshipper of Xom of Chaos
  1431 | D:2      | XOM: silly message
  1441 | D:2      | XOM: fog
  1446 | D:2      | Gained mutation: You have sharp fingernails. [demonic
                  | ancestry]
  1446 | D:2      | Reached XP level 3. HP: 19/27 MP: 3/3
  1454 | D:2      | Noticed Robin
  1468 | D:2      | Killed Robin
  1582 | D:2      | XOM: divination: detect creatures
  1736 | D:2      | XOM: summons 2 hostile demons
  1804 | D:2      | XOM: torment (9/27 hp)
  1950 | D:2      | XOM: 3-stop teleportation journey
  2007 | D:3      | Reached XP level 4. HP: 33/33 MP: 4/4
  2460 | D:3      | Noticed Grinder
  2462 | D:3      | Paralysed by Grinder for 5 turns
  2480 | D:3      | Killed Grinder
  2481 | D:3      | Reached skill level 1 in Armour
  2481 | D:3      | Reached skill level 4 in Unarmed Combat
  2481 | D:3      | Gained mutation: You sometimes gain a little power by
                  | taking damage. [demonic ancestry]
  2481 | D:3      | Reached XP level 5. HP: 11/38 MP: 5/5
  2481 | D:3      | Gained mutation: You sometimes gain power by taking damage.
                  | [demonic ancestry]
  2481 | D:3      | Reached XP level 6. HP: 12/44 MP: 6/6
  3211 | D:4      | Found a sand-covered staircase.
  3300 | Ossuary  | Entered an ossuary
  3323 | Ossuary  | Slain by a mummy

Illustrated notes

Levels and vault maps discovered:
D:1:      evilmike_arrival_hilbert_curve, layout_basic
D:2:      layout_rooms, dreamdust_ecumenical_altar_sealed_demon,
          minmay_door_square, corexii_corridor_pit, uniq_crazy_yiuf_cottage,
          uniq_robin
D:3:      layout_loops_ring, serial_bayou_ford_a, chequers_jeans,
          nicolae_titane, uniq_grinder
D:4:      wad_lake_hut, layout_loops_ring, nicolae_ossuary_entry_giza,
          uniq_edmund, uniq_menkaure
Ossuary:  ossuary_due_small_catacomb

Skill      XL: |  1  2  3  4  5  6 |
---------------+-------------------+-----
Dodging        | 3 |  3.4
Throwing       | 2 3 |  3.0
Unarmed Combat | 3 4 |  4.9
Armour         | 1 |  1.9
Fighting       | |  2.3
Shields        | |  0.4
Evocations     | |  0.1

Action                   |  1- 3 |  4- 6 || total
-------------------------+-------+-------++-------
Melee: Unarmed           |    97 |   104 ||   201
       Punch             |     2 |       ||     2
Throw: Boomerang         |    35 |     4 ||    39
       Javelin           |     6 |     4 ||    10
       Throwing net      |     3 |     1 ||     4
Evoke: Wand              |       |     1 ||     1
  Use: Scroll            |     1 |     7 ||     8
       Potion            |       |     3 ||     3
 Stab: Sleeping          |       |     1 ||     1
Armor: Leather armour    |    23 |    29 ||    52
Dodge: Dodged            |    49 |    38 ||    87
Block: Other             |     7 |    10 ||    17

Table legend: (Time is in decaauts)
 A = Elapsed time spent in this place.
 B = Non-inter-level travel time spent in this place.
 C = Inter-level travel time spent in this place.
 D = Time resting spent in this place.
 E = Time spent auto-exploring this place.
 F = Levels seen in this place.
 G = Mean time per level.
                   A        B        C        D        E       F      G
               +--------+--------+--------+--------+--------+-----+--------+
         Total |   3310 |   3269 |     41 |    791 |   1930 |   5 |  662.0 |
       Dungeon |   3288 |   3247 |     41 |    791 |   1930 |   4 |  822.0 |
       Ossuary |     21 |     21 |      0 |      0 |      0 |   1 |   21.0 |
               +--------+--------+--------+--------+--------+-----+--------+

Top non-repeatable levels by time:
     D:3: 1181 daAuts
     D:1: 1108 daAuts
     D:2: 894 daAuts
     D:4: 104 daAuts
 Ossuary: 21 daAuts
